 Dungeon Crawl Stone Soup version 0.28-a0-1629-gf728b707aa (webtiles) character file.

Game seed: 15313674575608549642

101 Ajdolov the Poker (level 4, -1/42 HPs)
             Began as a Naga Monk on Jan 25, 2022.
             Slain by a gnoll (6 damage)
             ... on level 2 of the Dungeon.
             The game lasted 00:03:21 (2143 turns).

Ajdolov the Poker (Naga Monk)                       Turns: 2143, Time: 00:03:21

Health: -1/42      AC:  5    Str: 14    XL:     4   Next: 75%
Magic:  4/4        EV: 24    Int: 12    God:
Gold:   57         SH:  0    Dex: 13    Spells: 3/3 levels left

rFire   . . .      SeeInvis +   a - +0 spear
rCold   . . .      Faith    .   (no shield)
rNeg    . . .      Spirit   .   f - +0 ring mail
rPois   +          Reflect  .   (no helmet)
rElec   .          Harm     .   (no cloak)
rCorr   .          Rampage  .   h - +1 pair of gloves
Will    .....                   (no barding)
Stlth   ++........              e - amulet of the acrobat
HPRegen 0.14/turn               (no ring)
MPRegen 0.09/turn               (no ring)

@: acrobatic, very slow
A: AC +1, large, see invisible, deformed body, poison resistance, slowness 2,
spit poison 1, naga tail 1
a: Spit Poison


You were on level 2 of the Dungeon.
You visited 1 branch of the dungeon, and saw 2 of its levels.

You collected 57 gold pieces.

Inventory:

Hand Weapons
 a - a +0 spear (weapon)
Armour
 f - a +0 ring mail (worn)
 h - a +1 pair of gloves (worn)
Jewellery
 b - a +6 ring of intelligence
 e - an amulet of the acrobat (around neck)
Scrolls
 i - 2 scrolls of identify {unknown}
 j - a scroll of immolation {unknown}
Potions
 c - a potion of mutation {unknown}
 d - a potion of ambrosia {unknown}
 g - a potion of heal wounds {unknown}
 k - a potion of flight {unknown}


   Skills:
 - Level 3.0 Fighting
 + Level 5.3 Polearms
 - Level 2.4 Dodging
 - Level 3.0 Stealth


You had 3 spell levels left.
You didn't know any spells.
Your spell library contained the following spells:

 Spells                   Type           Power      Damage    Failure   Level
 Slow                     Hex            0%         N/A       56%         1
 Confusing Touch          Hex            0%         N/A       90%         3
 Vampiric Draining        Necr           0%         2d6       90%         3


Dungeon Overview and Level Annotations

Branches:
Dungeon (2/15)

Altars:

Annotations:
D:2 Natasha


Innate Abilities, Weirdness & Mutations

Your serpentine skin is tough. (AC +1)
You have supernaturally acute eyesight. (SInv)
Armour fits poorly on your strangely shaped body.
Your system is resistant to poisons. (rPois)
You cover ground very slowly.
You can spit poison.
You have a snake-like lower body.


Message History

A gnoll comes into view. It is wielding a +0 spear.
You have got your breath back.
You start waiting.
Done waiting.
Aiming: Spit Poison (1% risk of failure)
Press: ? - help, Shift-Dir - straight line, f - gnoll
Aim: a gnoll, wielding a +0 flail (65% to hit)
The splash of poison misses the gnoll.
The gnoll shouts!
A gnoll comes into view. It is wielding a +0 whip.
You have got your breath back.
You hit the gnoll but do no damage. The gnoll hits you with a +0 flail.
You hit the gnoll.
The gnoll is lightly wounded.
The gnoll hits you with a +0 flail.
You hit the gnoll but do no damage.
The gnoll is lightly wounded.
The gnoll hits you with a +0 flail!
You hit the gnoll but do no damage.
The gnoll is lightly wounded.
The gnoll hits you with a +0 flail!
You hit the gnoll.
The gnoll is moderately wounded.
The gnoll misses you.
You hit the gnoll.
The gnoll is moderately wounded.
The gnoll hits you from afar with a +0 spear.
You hit the gnoll.
The gnoll is severely wounded.
The gnoll barely misses you. x2
The gnoll shouts!
You hit the gnoll.
The gnoll is almost dead.
The gnoll hits you with a +0 flail!
* * * LOW HITPOINT WARNING * * *
The gnoll hits you but does no damage.
There are no items here.
The gnoll closely misses you.
The gnoll hits you from afar with a +0 spear.
You die...

########
#......#
#......#
#..g.?.#
####gg#..##
###..@.###g.#
#...####
..... #.###
..†### ##.#
#.... ##..#
##.g. #..##
...# #.## g..
#†# #)####


You could see 3 gnolls.

Vanquished Creatures
  Natasha (D:2)
  4 adders (D:2)
  A worm (D:2)
  5 endoplasms (D:1)
  A giant cockroach (D:2)
  4 goblins
  2 hobgoblins (D:1)
  4 jackals (D:2)
  4 quokkas
  3 ball pythons (D:2)
  2 frilled lizards
  4 kobolds (D:2)
  A rat (D:1)
36 creatures vanquished.

Notes
Turn   | Place    | Note
-------+----------+-------------------------------------------
     0 | D:1      | Ajdolov the Naga Monk began the quest for the Orb.
     0 | D:1      | Reached XP level 1. HP: 21/21 MP: 1/1
   493 | D:1      | Reached XP level 2. HP: 22/28 MP: 2/2
  1239 | D:2      | Reached skill level 4 in Polearms
  1239 | D:2      | Reached XP level 3. HP: 30/34 MP: 3/3
  1350 | D:2      | Found a faded altar of an unknown god.
  1417 | D:2      | Noticed Natasha
  1437 | D:2      | Killed Natasha
  1438 | D:2      | Reached XP level 4. HP: 27/42 MP: 4/4
  1633 | D:2      | Reached skill level 5 in Polearms
  1813 | D:2      | Noticed Natasha
  2143 | D:2      | Slain by a gnoll

Illustrated notes

Levels and vault maps discovered:
D:1:      minmay_arrival_solitary_statue, layout_rooms,
          nicolae_concentric_dashed_squares_mild, minmay_misc_feat_rows
D:2:      layout_rooms, chequers_ecumenical_altar_island,
          ebering_dispersal_statue_hall, uniq_natasha

Skill      XL: |  1  2  3  4 |
---------------+-------------+-----
Polearms       | 4 5 |  5.3
Fighting       | |  3.0
Dodging        | |  2.4
Stealth        | |  3.0

Action                   |  1- 3 |  4- 6 || total
-------------------------+-------+-------++-------
Melee: Spear             |   103 |    83 ||   186
       Punch             |     1 |       ||     1
 Abil: Spit Poison       |     3 |     4 ||     7
 Stab: Sleeping          |     1 |     1 ||     2
Armor: Robe              |     2 |       ||     2
       Ring mail         |    17 |    40 ||    57
Dodge: Dodged            |    32 |    60 ||    92

Table legend: (Time is in decaauts)
 A = Elapsed time spent in this place.
 B = Non-inter-level travel time spent in this place.
 C = Inter-level travel time spent in this place.
 D = Time resting spent in this place.
 E = Time spent auto-exploring this place.
 F = Levels seen in this place.
 G = Mean time per level.
                   A        B        C        D        E       F      G
               +--------+--------+--------+--------+--------+-----+--------+
         Total |   2460 |   2397 |     63 |    211 |   1777 |   2 | 1230.0 |
       Dungeon |   2460 |   2397 |     63 |    211 |   1777 |   2 | 1230.0 |
               +--------+--------+--------+--------+--------+-----+--------+

Top non-repeatable levels by time:
     D:1: 1409 daAuts
     D:2: 1051 daAuts
